 Dungeon Crawl Stone Soup version 0.29.1-1-gd02db6906a (webtiles) character file.

Game seed: 14474301343853960556

119 croobank the Caller (level 5, -8/34 HPs)
             Began as an Octopode Summoner on Sept 30, 2022.
             Mangled by a hell rat (18 damage)
             ... in a sewer.
             The game lasted 00:07:52 (2544 turns).

croobank the Caller (Octopode Summoner)             Turns: 2544, Time: 00:07:53

Health: -8/34      AC:  1    Str:  7    XL:     5   Next: 3%
Magic:  0/9        EV: 13    Int: 19    God:
Gold:   194        SH:  0    Dex: 13    Spells: 2/9 levels left

rFire   . . .      SeeInvis .   c - staff of earth
rCold   . . .      Faith    .   (no shield)
rNeg    . . .      Spirit   +   (helmet restricted)
rPois   .          Reflect  .   j - amulet of guardian spirit
rElec   .          Harm     .   (no ring)
rCorr   .          Rampage  .   (no ring)
Will    .....                   (no ring)
Stlth   +++.......              (no ring)
HPRegen 0.11/turn               (no ring)
MPRegen 0.11/turn               (no ring)
                                (no ring)
                                (no ring)

@: no status effects
A: almost no armour, amphibious, 8 rings, camouflage 1, gelatinous body 1,
(nimble swimmer 1), tentacles
a: no special abilities


You were in a sewer.
You visited 1 branch of the dungeon, and saw 3 of its levels.
You also visited: Sewer.

You collected 194 gold pieces.

Inventory:

Hand Weapons
 l - a +1 short sword of venom
 n - a +0 broad axe
Magical Staves
 c - a staff of earth (weapon)
Jewellery
 j - an amulet of guardian spirit (around mantle)
Wands
 k - a wand of mindburst (18)
Scrolls
 b - a scroll of brand weapon
 d - a scroll of noise
 f - a scroll of torment {unknown}
 g - a scroll of fear {unknown}
 o - a scroll of identify {unknown}
Potions
 a - a potion of magic
 e - 2 potions of brilliance {unknown}
 h - a potion of curing {unknown}
 i - a potion of degeneration {unknown}
 m - a potion of ambrosia {unknown}


   Skills:
 + Level 1.7 Fighting
 + Level 2.8 Dodging
 - Level 2.7 Stealth
 + Level 2.7 Spellcasting
 + Level 4.5 Summonings
 + Level 1.4 Earth Magic


You had 2 spell levels left.
You knew the following spells:

 Your Spells              Type           Power      Damage    Failure   Level
a - Summon Small Mammal   Summ           76%        N/A       2%          1
b - Call Imp              Summ           19%        N/A       3%          2
c - Call Canine Familiar  Summ           19%        N/A       8%          3
d - Sandblast             Erth           24%        2d8       9%          1

Your spell library contained the following spells:

 Spells                   Type           Power      Damage    Failure   Level
 Necrotise                Necr           8%         1d4       16%         1
 Summon Guardian Golem    Hex/Summ       11%        N/A       19%         3
 Vampiric Draining        Necr           2%         2d6       43%         3
 Summon Lightning Spire   Summ/Air       11%        N/A       52%         4
 Agony                    Necr           2%         N/A       99%         5


Dungeon Overview and Level Annotations

Branches:
Dungeon (3/15)              Sewer (1/1)

Altars:
Okawaru

Annotations:
D:1 2 transporters


Innate Abilities, Weirdness & Mutations

You cannot wear most types of armour.
You are amphibious.
You can wear up to eight rings at the same time.
Your skin changes colour to match your surroundings (Stealth+).
Your rubbery body absorbs attacks. (AC +1, EV +1)
((You are camouflaged when in or above water. (Stealth+)))
You have tentacles for arms and can constrict up to eight enemies at once.


Message History

A rat comes into view.
Found 3 fizzy clear potions and 2 grey potions.
Found a gate leading back out of this place.
Casting: Sandblast (safe; 9% risk of failure)
Confirm with . or Enter, or press ? or * to list all spells.
Aiming: Sandblast (safe; 9% risk of failure)
Press: ? - help, Shift-Dir - straight line, f - hell rat
Aim: a hell rat (ally target, 82% to hit)
You feel a surge of power!
The blast of sand hits the hell rat but does no damage.
Casting: Sandblast (safe; 9% risk of failure)
Confirm with . or Enter, or press ? or * to list all spells.
You don't have enough magic to cast this spell.
Unknown command.
Something closely misses your hound.
A river rat comes into view.
Something barely misses your hound.
You swap places.
Found three items.
The hell rat bites your hound!
Your hound dies!
Your hound's corpse disappears in a puff of smoke!
Your quokka bites the hell rat.
You hit the hell rat but do no damage. You grab the hell rat.
You squeeze the hell rat.
The hell rat is lightly wounded.
You constrict the hell rat, but do no damage.
The hell rat bites you!!
Ouch! That really hurt!
Your quokka bites the hell rat but does no damage.
Casting: Sandblast (safe; 9% risk of failure)
Confirm with . or Enter, or press ? or * to list all spells.
You don't have enough magic to cast this spell.
Unknown command.
You hit the hell rat but do no damage.
The hell rat is lightly wounded.
You constrict the hell rat. The hell rat misses you. The river rat bites you!
* * * LOW HITPOINT WARNING * * *
Your quokka bites the hell rat but does no damage.
The hell rat bites you!!
Ouch! That really hurt!
You die...

###~†.###
#..~~.~~#
##.~~.~..##
#..~###~~~#
##..## ##~~##
#...#.~ #~~~#
#~.##?~~##~~#
#.~#?!~~~#r.#
#∩∩#∩!~~~r@5#
#~.#!!~~~#rr#
#~~##!~~##†~#
#~.~#.~. .~~#
##~~##. ~.##
#..~# .~.#
##†~~ ..##
.....~.


You could see a hell rat (ally target), a river rat, a rat, a friendly iron imp
(summoned) and a friendly quokka (summoned).

Vanquished Creatures
  An adder (D:3)
  2 worms (D:2)
  A dart slug (D:1)
  3 ball pythons
  An endoplasm (D:1)
  A giant cockroach (D:1)
  A hobgoblin (D:3)
  A jackal (D:1)
  2 bats
  2 frilled lizards
  2 kobolds (D:1)
  2 rats
19 creatures vanquished.

Vanquished Creatures (collateral kills)
  2 adders
  2 river rats
  2 worms
  2 dart slugs
  3 orcs (D:3)
  7 ball pythons
  4 endoplasms
  A giant cockroach (D:3)
  A hobgoblin (D:3)
  A jackal (D:1)
  A quokka (D:2)
  3 goblins
  3 kobolds
  8 rats
40 creatures vanquished.

Vanquished Creatures (others)
  A plant (D:1)
1 creature vanquished.

Grand Total: 60 creatures vanquished

Notes
Turn   | Place    | Note
-------+----------+-------------------------------------------
     0 | D:1      | croobank the Octopode Summoner began the quest for the Orb.
     0 | D:1      | Reached XP level 1. HP: 11/11 MP: 3/3
   289 | D:1      | Reached XP level 2. HP: 18/18 MP: 1/5
   292 | D:1      | Learned a level 2 spell: Call Imp
   360 | D:1      | Found a faded altar of an unknown god.
   368 | D:1      | Got Plato's Parchment of Stones
   688 | D:1      | Learned a level 1 spell: Sandblast
  1390 | D:2      | Found an iron altar of Okawaru.
  1414 | D:2      | Reached XP level 3. HP: 22/22 MP: 1/6
  1480 | D:2      | Reached skill level 1 in Fighting
  2127 | D:3      | Reached skill level 1 in Earth Magic
  2127 | D:3      | Reached XP level 4. HP: 28/28 MP: 1/7
  2423 | D:3      | Found a glowing drain.
  2435 | Sewer    | Entered a sewer
  2461 | Sewer    | Learned a level 3 spell: Call Canine Familiar
  2538 | Sewer    | Reached XP level 5. HP: 34/34 MP: 1/9
  2544 | Sewer    | Mangled by a hell rat

Illustrated notes

Levels and vault maps discovered:
D:1:      spicycebolla_arrival_transporter_tutorial, layout_basic,
          shapermc_ecumenical_altar_rom_forum, ebering_dispersal_statue_hall,
          minmay_misc_feat_cross, minmay_tetromino_s2
D:2:      layout_rooms, basic_altar, serial_corexii_hall,
          chequers_hall_statues_wall_a, corexii_hall_statues_i
D:3:      layout_rooms, portal_sewer_entry_a, kennysheep_doodads
Sewer:    sewer_hellmonk_bad_rat

Skill      XL: |  1  2  3 |
---------------+----------+-----
Fighting       | 1 |  1.7
Earth Magic    | 1 |  1.4
Dodging        | |  2.8
Stealth        | |  2.7
Spellcasting   | |  2.7
Summonings     | |  4.5

Action                   |  1- 3 |  4- 6 || total
-------------------------+-------+-------++-------
Melee: Tentacles         |     8 |     1 ||     9
       Staff             |    26 |     2 ||    28
       Constrict         |     7 |     1 ||     8
       Unarmed           |     1 |       ||     1
 Cast: Summon Small Mamm |    34 |    11 ||    45
       Call Imp          |     9 |     7 ||    16
       Sandblast         |    10 |     7 ||    17
       Call Canine Famil |       |     1 ||     1
  Use: Scroll            |     2 |       ||     2
 Stab: Sleeping          |     1 |       ||     1
Armor: Skin              |     2 |       ||     2
Dodge: Dodged            |    22 |     1 ||    23
